 Dungeon Crawl Stone Soup version 0.20.0-8-g6b59dc7 (webtiles) character file.

1554 asthiss the Ruffian (level 8, -4/112 HPs)
             Began as a Troll Fighter on May 30, 2017.
             Slain by a killer bee (8 damage)
             ... on level 5 of the Dungeon.
             The game lasted 00:16:20 (3334 turns).

asthiss the Ruffian (Troll Fighter)                 Turns: 3334, Time: 00:16:20

Health: -4/112     AC:  7    Str: 33    XL:     8   Next: 57%
Magic:  7/7        EV: 10    Int:  4    God:
Gold:   199        SH: 11    Dex:  8    Spells: 7/7 levels left

rFire    . . .     SeeInvis .     - Unarmed
rCold    . . .     Gourm    +   b - +1 shield
rNeg     . . .     Faith    .   a - +0 robe
rPois    .         Spirit   .   (helmet restricted)
rElec    .         Reflect  .   (no cloak)
rCorr    .         Harm     .   (gloves unavailable)
MR       .....                  (boots unavailable)
Stlth    ..........             h - amulet of magic regeneration
Regen    0.7/turn               (no ring)
MPRegen  0.2/turn               (no ring)

@: berserking, lethally poisoned (-4 -> -13), very quick
A: unfitting armour, claws 3, molten scales 1, blurry vision 1, clumsy 1, fast
metabolism 3, gourmand, regeneration 1, shaggy fur 1, strong 1, tough skin 2,
evolution 1
a: no special abilities


You were on level 5 of the Dungeon.
You were completely stuffed.

You visited 1 branch of the dungeon, and saw 5 of its levels.

You collected 199 gold pieces.

Inventory:

Armour
 a - a +0 robe (worn)
 b - a +1 shield (worn)
Jewellery
 h - an amulet of magic regeneration (around neck)
Scrolls
 g - 5 scrolls of remove curse
 j - a scroll of enchant weapon
 l - 3 scrolls of teleportation
 m - 2 scrolls of identify
Potions
 c - a potion of might
 e - a potion of berserk rage
 o - 3 potions of agility
Comestibles
 d - 5 bread rations
 f - 2 royal jellies
 i - a fruit
 k - 4 meat rations


   Skills:
 + Level 3.4 Fighting
 + Level 5.0 Dodging
 + Level 1.2 Stealth
 + Level 4.4 Shields
 + Level 7.6 Unarmed Combat


You had 7 spell levels left.
You didn't know any spells.

Dungeon Overview and Level Annotations

Branches:
Dungeon (5/15)             Temple (0/1) D:5

Altars:
Qazlal


Innate Abilities, Weirdness & Mutations

You are too large for most types of armour.
You have claws for hands.
Your metabolism is lightning-fast.
You like to eat raw meat.
Your natural rate of healing is unusually fast.
You are covered in fur. (AC +1)
You have very tough skin. (AC +2)
You are partially covered in molten scales. (AC +2)
Scrolls take you a little longer to read.
You are clumsy. (Dex -2)
Your muscles are strong. (Str +2)
You evolve.


Message History

You feel sick. The killer bee stings you.
* * * LOW HITPOINT WARNING * * *
You are more poisoned.
The killer bee poisons you! The killer bee barely misses you.
You block the killer bee's attack.
You claw the killer bee!
The killer bee is heavily wounded.
* * * LOW HITPOINT WARNING * * *
You feel sick. The killer bee misses you.
The killer bee stings you but does no damage.
You mangle the killer bee!!
You kill the killer bee!
* * * LOW HITPOINT WARNING * * *
You feel sick. The killer bee barely misses you.
The killer bee stings you but does no damage.
You scratch the killer bee.
The killer bee is moderately wounded.
* * * LOW HITPOINT WARNING * * *
You feel sick. The killer bee stings you!
You die...

#######.....≈≈≈≈≈≈≈≈≈≈≈≈≈..#
#.
...........≈≈≈≈≈≈≈≈≈≈≈≈≈≈≈.#
#.
######.....≈≈≈≈≈≈.?.≈≈≈≈≈≈...
#.#'#.≈≈≈≈≈≈.>.≈≈≈≈≈≈...
######(#.#.≈≈≈≈≈≈...≈≈≈≈≈≈(.
.....#.#.#..≈≈≈≈≈≈≈≈≈≈≈≈
####.#.#.#....≈≈≈≈≈≈≈≈≈.
#.#.#.....y≈≈≈≈≈...
#.#.#......@†......
#.#.#.########...## #.#...#
... ##### #


You could see a killer bee.

Vanquished Creatures
  The ghost of miragecloak the Martial Artist, a novice OpTm (D:5)
  Menkaure (D:5)
  A sky beast (D:4)
  A scorpion (D:5)
  The ghost of puimuR the Chopper, a weakling DsMo (D:3)
  5 killer bees (D:5)
  3 crimson imps
  3 hounds
  An iguana (D:4)
  3 worker ants
  A hound zombie (D:5)
  Robin (D:2)
  4 gnolls (D:5)
  7 adders
  2 shadow imps (D:5)
  2 oozes (D:1)
  An adder skeleton (D:4)
  2 worms
  3 dart slugs (D:1)
  2 leopard geckos
  3 giant cockroaches
  11 hobgoblins
  3 jackals (D:3)
  2 quokkas (D:2)
  A ball python (D:2)
  5 bats
  2 frilled lizards
  10 goblins
  5 kobolds
  A leopard gecko skeleton (D:4)
  7 rats
95 creatures vanquished.

Vanquished Creatures (others)
  An ooze (D:2)
1 creature vanquished.

Grand Total: 96 creatures vanquished

Notes
Turn   | Place    | Note
-------+----------+-------------------------------------------
     0 | D:1      | asthiss the Troll Fighter began the quest for the Orb.
     0 | D:1      | Reached XP level 1. HP: 22/22 MP: 0/0
   108 | D:1      | Reached XP level 2. HP: 29/29 MP: 1/1
   344 | D:1      | Gained mutation: Scrolls take you a little longer to read. [potion of mutation]
   344 | D:1      | Gained mutation: You are clumsy. (Dex -2) [potion of mutation]
   344 | D:1      | Gained mutation: You evolve. [potion of mutation]
   501 | D:1      | Reached XP level 3. HP: 36/36 MP: 2/2
   763 | D:2      | Found a stormy altar of Qazlal.
   815 | D:2      | Noticed Robin
   846 | D:2      | Killed Robin
   846 | D:2      | Reached skill level 3 in Unarmed Combat
   846 | D:2      | Reached XP level 4. HP: 14/44 MP: 3/3
  1097 | D:2      | Gained mutation: Your muscles are strong. (Str +2) [evolution]
  1459 | D:3      | Noticed puimuR's ghost (weakling DsMo)
  1475 | D:3      | Killed puimuR's ghost
  1475 | D:3      | Reached XP level 5. HP: 17/50 MP: 4/4
  1919 | D:4      | Reached skill level 4 in Unarmed Combat
  2009 | D:4      | Gained mutation: You are partially covered in molten scales. (AC +2) [evolution]
  2073 | D:4      | Reached XP level 6. HP: 39/59 MP: 5/5
  2470 | D:4      | Noticed a sky beast
  2478 | D:4      | Killed a sky beast
  2478 | D:4      | Reached skill level 5 in Unarmed Combat
  2752 | D:5      | Entered Level 5 of the Dungeon
  2844 | D:5      | Noticed Menkaure
  2861 | D:5      | Killed Menkaure
  2861 | D:5      | Reached XP level 7. HP: 27/66 MP: 6/6
  2886 | D:5      | HP: 3/67 [gnoll/spear (9)]
  2974 | D:5      | Reached skill level 6 in Unarmed Combat
  3058 | D:5      | Noticed miragecloak's ghost (novice OpTm)
  3088 | D:5      | Killed miragecloak's ghost
  3088 | D:5      | Reached skill level 1 in Stealth
  3088 | D:5      | Reached skill level 7 in Unarmed Combat
  3088 | D:5      | Reached XP level 8. HP: 67/75 MP: 7/7
  3101 | D:5      | Found a staircase to the Ecumenical Temple.
  3322 | D:5      | Reached skill level 5 in Dodging
  3332 | D:5      | HP: 5/112 [poisoned by a killer bee]
  3334 | D:5      | Slain by a killer bee

Skill      XL: |  1  2  3  4  5  6  7  8 |
---------------+-------------------------+-----
Dodging        | 3 4 5 |  5.0
Unarmed Combat | 3 4 5 7 |  7.6
Shields        | 3 4 |  4.4
Fighting       | 3 |  3.4
Stealth        | 1 |  1.2

Action                   |  1- 3 |  4- 6 |  7- 9 || total
-------------------------+-------+-------+-------++-------
Melee: Unarmed           |    97 |   152 |    87 ||   336
  Use: Scroll            |     6 |     3 |     1 ||    10
       Potion            |     4 |     7 |     2 ||    13
 Stab: Sleeping          |       |     2 |       ||     2
  Eat: Chunk             |    10 |    19 |     7 ||    36
Armor: Robe              |    38 |    36 |    32 ||   106
       Skin              |    22 |       |       ||    22
Dodge: Dodged            |    22 |    41 |    36 ||    99
Block: Shield            |    36 |    56 |    51 ||   143
